 Dungeon Crawl Stone Soup version 0.30.0-10-gfe55d96785 (webtiles) character file.

Game seed: 12344019118605569307

25 monsoonserge the Trooper (level 3, 0/40 HPs)
             Began as an Ogre Cinder Acolyte on May 15, 2023.
             Was a High Priest of Ignis.
             Slain by a jackal (1 damage)
             ... on level 2 of the Dungeon.
             The game lasted 00:02:39 (1223 turns).

monsoonserge the Trooper (Ogre Cinder Acolyte)      Turns: 1223, Time: 00:02:40

Health: 0/40       AC:  3    Str: 20    XL:     3   Next: 6%
Magic:  2/4        EV:  9    Int: 15    God:    Ignis [*****.]
Gold:   18         SH:  0    Dex:  4    Spells: 2/4 levels left

rFire   + . .        a - -1 hand axe (flame)
rCold   . . .        (no shield)
rNeg    . . .        b - +0 robe
rPois   .            (helmet restricted)
rElec   .            (no cloak)
rCorr   .            (gloves unavailable)
SInv    .            (boots unavailable)
Will    .....        (no amulet)
Stlth   +            (no ring)
HPRegen 0.26/turn    (no ring)
MPRegen 0.09/turn

%: no passive effects
@: lethally poisoned (0 -> -7)
A: large, unfitting armour, tough skin 1
a: Renounce Religion, Fiery Armour, Foxfire Swarm, Rising Flame


You were on level 2 of the Dungeon.
You worshipped Ignis.
Ignis was extremely pleased with you.
You visited 1 branch of the dungeon, and saw 3 of its levels.

You collected 18 gold pieces.

Inventory:

Hand Weapons
 a - a -1 hand axe of flaming (weapon)
Missiles
 c - 2 poisoned darts (quivered)
 f - 5 stones
Armour
 b - a +0 robe (worn)
Scrolls
 e - a scroll of identify {unknown}
Potions
 d - a potion of curing {unknown}
 g - a potion of haste {unknown}


   Skills:
 + Level 4.4 Fighting
 + Level 3.4(3.5) Axes
 - Level 0.4(2.0) Maces & Flails
 - Level 0.2(2.0) Polearms
 + Level 0.2 Dodging
 + Level 1.2 Spellcasting
 * Level 2.8 Fire Magic


You had 2 spell levels left.
You knew the following spells:

 Your Spells              Type           Power      Damage    Failure   Level
a - Scorch                Fire           18%        2d5       11%         2

Your spell library contained the following spells:

 Spells                   Type           Power      Damage    Failure   Level


Dungeon Overview and Level Annotations

Branches:
Dungeon (3/15)

Altars:


Innate Abilities, Weirdness & Mutations

You are too large for most types of armour.
You have tough skin. (AC +1)


Message History

The jackal bites you but does no damage.
The rat bites you but does no damage. The jackal bites you.
You have reached level 3!
Your experience leads to an increase in your attributes!
Increase (S)trength, (I)ntelligence, or (D)exterity?
You feel stronger. x3
You barely miss the rat. You hit the jackal. You burn the jackal.
You kill the jackal!
You hit the adder. You burn the adder. You miss the jackal.
You feel sick. The jackal completely misses you. The adder bites you.
The rat bites you but does no damage. The jackal barely misses you.
The adder bites you.
* * * LOW HITPOINT WARNING * * *
You are more poisoned.
The adder poisons you!
Training target 2.0 for Maces & Flails reached!
You closely miss the rat. You closely miss the adder.
You closely miss the jackal.
You feel sick. The jackal bites you.
* * * LOW HITPOINT WARNING * * *
The adder bites you.
* * * LOW HITPOINT WARNING * * *
The rat bites you.
* * * LOW HITPOINT WARNING * * *
You hit the rat. You burn the rat.
You kill the rat!
You closely miss the adder. You barely miss the jackal.
* * * LOW HITPOINT WARNING * * *
You feel sick.
The jackal bites you but does no damage.
The adder bites you but does no damage. The jackal closely misses you.
The adder barely misses you.
You hit the adder. You burn the adder.
The adder is almost dead.
You closely miss the jackal.
* * * LOW HITPOINT WARNING * * *
You feel sick. The jackal barely misses you. The adder bites you.
* * * LOW HITPOINT WARNING * * *
You are more poisoned.
The adder poisons you! The jackal bites you.
You die...

#.# #.# #.# #
#.# .# #.#
..# #.# ...#
####.# ....#
#...†##?...##
#...>@g......
#...Sh.....#.
###.....####
#.....#
#.....#
#######


You could see an adder, a jackal and a goblin.

Vanquished Creatures
  3 endoplasms
  2 goblins (D:1)
  3 hobgoblins (D:1)
  3 jackals (D:2)
  3 kobolds
  2 quokkas (D:1)
  2 bats (D:1)
  A frilled lizard (D:1)
  4 rats
23 creatures vanquished.

Notes
Turn   | Place    | Note
-------+----------+-------------------------------------------
     0 | D:1      | monsoonserge the Ogre Cinder Acolyte began the quest for
                  | the Orb.
     0 | D:1      | Reached XP level 1. HP: 24/24 MP: 2/2
   414 | D:1      | Reached XP level 2. HP: 28/32 MP: 3/3
   440 | D:1      | Learned a level 2 spell: Scorch
  1220 | D:2      | Reached XP level 3. HP: 17/40 MP: 2/4
  1223 | D:2      | HP: 1/40 [adder (2)]
  1223 | D:2      | Slain by a jackal

Illustrated notes

Levels and vault maps discovered:
D:1:      onia_arrival_mini_maze, layout_basic
D:2:      layout_basic, serial_shops, shop_fountains, minmay_pentomino_z2,
          uniq_crazy_yiuf_cottage
D:3:      layout_loops_ring, mainiacjoe_overflow_paths

Action                     || total
---------------------------++-------
  Melee: Hand axe          ||    55
   Cast: Scorch            ||     3
 Armour: Robe              ||    28
  Dodge: Dodged            ||    38
